 Dungeon Crawl Stone Soup version 0.30-a0-389-g8d7d949f56 (webtiles) character file.

Game seed: 8810037794462901246

2067 karrick the Basher (level 9, 0/55 HPs)
             Began as a Gargoyle Fighter on Dec 3, 2022.
             Was an Initiate of Okawaru.
             Slain by a goblin
             ... wielding a +0 spear
              (1 damage)
             ... on level 7 of the Dungeon.
             The game lasted 00:09:41 (5368 turns).

karrick the Basher (Gargoyle Fighter)               Turns: 5368, Time: 00:09:41

Health: 0/55       AC: 17    Str: 20    XL:     9   Next: 26%
Magic:  9/9        EV:  9    Int:  9    God:    Okawaru [......]
Gold:   241        SH:  6    Dex: 19    Spells: 8/8 levels left

rFire   . . .      SeeInvis .    a - +0 flail
rCold   . . .      Faith    .    c - +0 buckler
rNeg    + . .      Spirit   .    b - +0 scale mail
rPois   ∞          Reflect  .    l - +2 hat
rElec   +          Harm     .    E - +0 cloak {rCorr}
rCorr   +          Rampage  .    (no gloves)
Will    .....                    (no boots)
Stlth   +.........               (no amulet)
HPRegen 0.29/turn                f - +6 ring of dexterity
MPRegen 0.11/turn                q - +4 ring of slaying

@: mighty
A: sickness immunity, AC +6, negative energy resistance 1, electricity
resistance, torment resistance 1, petrification resistance
a: Renounce Religion


You were on level 7 of the Dungeon.
You worshipped Okawaru.
Okawaru was noncommittal.
You visited 2 branches of the dungeon, and saw 8 of its levels.
You also visited: Sewer.

You collected 438 gold pieces.
You spent 197 gold pieces at shops.

Inventory:

Hand Weapons
 a - a +0 flail (weapon)
 y - a +2 hand axe of electrocution
Missiles
 s - 2 throwing nets (quivered)
Armour
 b - a +0 scale mail (worn)
 c - a +0 buckler (worn)
 l - a +2 hat (worn)
 E - a +0 cloak of preservation (worn)
Jewellery
 f - a +6 ring of dexterity (left hand)
 q - a +4 ring of slaying (right hand)
Scrolls
 e - a scroll of brand weapon {unknown}
 h - 7 scrolls of noise {unknown}
 j - 4 scrolls of blinking {unknown}
 k - a scroll of teleportation {unknown}
 n - a scroll of summoning {unknown}
 r - a scroll of amnesia {unknown}
 t - a scroll of fog {unknown}
 v - 4 scrolls of fear {unknown}
 w - 2 scrolls of torment {unknown}
 x - 3 scrolls of vulnerability {unknown}
 z - 3 scrolls of identify {unknown}
 A - a scroll of magic mapping {unknown}
 D - a scroll of enchant armour {unknown}
 F - a scroll of poison {unknown}
Potions
 d - a potion of might
 g - 2 potions of curing
 i - 2 potions of mutation {unknown}
 m - 2 potions of attraction {unknown}
 o - 2 potions of resistance {unknown}
 p - 2 potions of degeneration {unknown}
 u - 2 potions of haste {unknown}
 B - 3 potions of invisibility {unknown}
 C - 4 potions of heal wounds {unknown}


   Skills:
 + Level 6.0 Fighting
 + Level 9.1 Maces & Flails
 + Level 6.2 Armour
 + Level 1.7 Stealth
 + Level 5.2 Shields


You had 8 spell levels left.
You didn't know any spells.
Your spell library contained the following spells:

 Spells                   Type           Power      Damage    Failure   Level
 Wereblood                Tmut           0%         N/A       90%         2
 Ignite Poison            Fire/Tmut/Pois 0%         N/A       99%         3
 Kindle Blastsparks       Fire/Tloc/Air  0%         2d10      99%         3
 Passage of Golubria      Tloc           0%         N/A       100%        4
 Freezing Cloud           Conj/Ice/Air   0%         6-21      100%        5
 Yara's Violent Unravell  Hex/Tmut       0%         3d3       100%        5
 Sublimation of Blood     Necr           Unusable   N/A       N/A         2
 Tukima's Dance           Hex            Unusable   N/A       N/A         3
 Summon Hydra             Summ           Unusable   N/A       N/A         7

Dungeon Overview and Level Annotations

Branches:
Dungeon (7/15)             Temple (1/1) D:6           Sewer (visited)

Altars:
Ashenzari
Dithmenos
Elyvilon
Fedhas
Hepliaklqana
Makhleb
Okawaru
Trog
Uskayaw
Vehumet
Wu Jian
Xom
Zin
The Shining One

Shops:
D:4 *

Portals:
Bailey: D:7

Annotations:
D:4 exclusion: oklob plant


Innate Abilities, Weirdness & Mutations

You are immune to sickness and miasma.
Your stone body is resilient. (AC +6)
You are immune to poison.
You resist negative energy. (rN+)
You are resistant to electric shocks. (rElec)
You are resistant to unholy torment.
You are immune to petrification.


Message History

The orc warrior is almost dead.
The orc warrior hits you with a +0 trident.
You closely miss the orc warrior.
The orc warrior is almost dead.
The orc warrior hits you but does no damage.
The orc warrior hits you but does no damage.
Found a flagged portal.
Found a stone staircase leading up.
You block the orc's attack.
A steam dragon comes into view.
The orc attacks as you move away! The orc hits you but does no damage.
The steam dragon hisses angrily.
The orc priest mumbles some strange prayers to Beogh against you.
Beogh smites you!
* * * LOW HITPOINT WARNING * * *
The orc attacks as you move away! The orc hits you but does no damage.
The steam dragon breathes steam at you. The ball of steam hits you!
* * * LOW HITPOINT WARNING * * *
Unknown command.
Okay, then.
You feel better.
You are engulfed in a cloud of scalding steam.
* * * LOW HITPOINT WARNING * * *
You block the orc's attack. The orc warrior closely misses you.
You block the orc warrior's attack.
You enter the shallow water.
Moving in this stuff is going to be slow.
You block the orc warrior's attack.
Really walk into that cloud of steam?
Okay, then.
Really walk into that cloud of steam?
The orc attacks as you move away! The orc hits you but does no damage.
You are engulfed in a cloud of scalding steam.
* * * LOW HITPOINT WARNING * * *
The steam dragon bites you but does no damage.
The steam dragon closely misses you.
The troll is engulfed in a cloud of scalding steam.
The orc priest begins to cast a cantrip, but forgets the words!
The goblin hits you from afar with a +0 spear.
You die...

#...##...# #.....#..#
######.
#........##.......
##........#..~~~~~ ....
<).....##....~##### .....
##.....##....≈#...# .....
#......##....~#.∩.#~.....
#............≈#...#~.....
.....###.....§##@##~.....
.....#...#.).~≈DTo≈~.....
..#....###)#.o.g§........
..#..#####.###)oo........
..##...###g#.........
......................
..#....#####..........
#.##. #.......... #. ##
...........


You could see a troll, a steam dragon, an orc warrior, 2 orc priests, an orc and
2 goblins.

Vanquished Creatures
  A vampire (D:6)
  A water moccasin (D:5)
  A black bear (D:4)
  3 ogres
  2 phantoms (D:5)
  4 scorpions
  5 wights (D:7)
  A howler monkey (D:6)
  A hound (D:4)
  A jelly (D:5)
  An orc priest (D:4)
  Jessica (D:2)
  3 iguanas
  A hell rat (Sewer)
  8 orc wizards
  8 adders
  8 gnolls
  3 white imps
  2 ufetubi (D:5)
  4 worms
  5 dart slugs
  27 orcs
  12 ball pythons
  8 bats
  5 endoplasms
  4 giant cockroaches
  10 goblins
  13 hobgoblins
  12 jackals
  5 kobolds
  3 quokkas
  4 frilled lizards
  12 rats
179 creatures vanquished.

Vanquished Creatures (others)
  4 plants (D:3)
4 creatures vanquished.

Grand Total: 183 creatures vanquished

Notes
Turn   | Place    | Note
-------+----------+-------------------------------------------
     0 | D:1      | karrick the Gargoyle Fighter began the quest for the Orb.
     0 | D:1      | Reached XP level 1. HP: 14/14 MP: 1/1
   133 | D:1      | Reached XP level 2. HP: 19/19 MP: 2/2
   340 | D:1      | Reached XP level 3. HP: 23/23 MP: 3/3
   752 | D:2      | Reached skill level 3 in Maces & Flails
   866 | D:2      | Noticed Jessica
   884 | D:2      | Reached XP level 4. HP: 23/29 MP: 4/4
   884 | D:2      | Killed Jessica
  1286 | D:2      | Reached XP level 5. HP: 33/33 MP: 5/5
  1303 | D:2      | Found a bloodstained altar of Trog.
  1518 | D:3      | Found a hazy altar of Hepliaklqana.
  1579 | D:3      | Reached skill level 4 in Maces & Flails
  1653 | D:3      | Reached XP level 6. HP: 38/38 MP: 6/6
  2235 | D:4      | Reached skill level 1 in Stealth
  2300 | D:4      | Found Caneyss's Assorted Antiques.
  2308 | D:4      | Bought a scroll labelled KORAVUREEV for 29 gold pieces
  2308 | D:4      | Bought a coppery potion for 26 gold pieces
  2308 | D:4      | Bought a scroll labelled TICAWK OTHAOFATHIPN for 29 gold
                  | pieces
  2308 | D:4      | Bought a scroll labelled UGOICE VEWORO for 29 gold pieces
  2308 | D:4      | Bought a scroll labelled PAUMOCEUZ for 29 gold pieces
  2308 | D:4      | Bought a fuming brown potion for 26 gold pieces
  2308 | D:4      | Bought a scroll labelled SOERECS PIREVA for 29 gold pieces
  2686 | D:4      | Reached skill level 5 in Maces & Flails
  2817 | D:4      | Noticed a black bear
  2825 | D:4      | Killed a black bear
  2826 | D:4      | Reached XP level 7. HP: 43/43 MP: 7/7
  2951 | D:4      | Reached skill level 6 in Maces & Flails
  3082 | D:4      | Found a blossoming altar of Fedhas.
  3094 | D:4      | Noticed an oklob plant
  3319 | D:5      | Entered Level 5 of the Dungeon
  3405 | D:5      | HP: 2/44 [water moccasin (6)]
  3500 | D:5      | Reached skill level 5 in Armour
  3500 | D:5      | Reached XP level 8. HP: 20/48 MP: 8/8
  3502 | D:5      | Reached skill level 5 in Fighting
  3547 | D:5      | Reached skill level 7 in Maces & Flails
  3568 | D:5      | Found a glowing drain.
  3572 | Sewer    | Entered a sewer
  4253 | D:6      | Found a broken altar of Ashenzari.
  4302 | D:6      | Reached skill level 5 in Shields
  4352 | D:6      | Reached skill level 8 in Maces & Flails
  4417 | D:6      | Found a white marble altar of Elyvilon.
  4612 | D:6      | Found a staircase to the Ecumenical Temple.
  4612 | D:6      | Noticed a vampire
  4635 | D:6      | Killed a vampire
  4640 | Temple   | Entered the Ecumenical Temple
  4843 | Temple   | Became a worshipper of Warmaster Okawaru
  4900 | D:6      | Reached XP level 9. HP: 54/54 MP: 9/9
  5289 | D:7      | Reached skill level 9 in Maces & Flails
  5332 | D:7      | Noticed a troll
  5360 | D:7      | Found a flagged portal.
  5368 | D:7      | HP: 1/55 [steam dragon] (5)]
  5368 | D:7      | Slain by a goblin

Illustrated notes

Levels and vault maps discovered:
D:1:      nicolae_arrival_washed_ashore, layout_basic, minmay_misc_feat_x,
          hangedman_decor_opposing
D:2:      minmay_general_purpose_star, layout_rooms, basic_altar,
          nicolae_hexahallways, uniq_jessica
D:3:      layout_loops_ring, nicolae_hepliaklqana_hazy_memory
D:4:      minmay_chambers_of_twos, layout_basic, tgw_fedhas, serial_shops, shop
D:5:      cheibrodos_quashed, layout_cave_pools, gup_sewer_entry_bowl
D:6:      layout_basic, ashenzari_conservatory_becter,
          mainiacjoe_overflow_alcove_2, minmay_temple_entry_ruins,
          feat_on_display
D:7:      layout_rooms, enter_bailey_3, eino_small_chamber_without_monster
Temple:   nicolae_temple_two_arcs

Skill      XL: |  1  2  3  4  5  6  7  8  9 |
---------------+----------------------------+-----
Maces & Flails | 3 4 5 6 8 9 |  9.1
Armour         | 4 5 6 |  6.2
Fighting       | 4 5 6 |  6.0
Stealth        | 1 |  1.7
Shields        | 4 5 |  5.2

Action                   |  1- 3 |  4- 6 |  7- 9 || total
-------------------------+-------+-------+-------++-------
Melee: Flail             |   114 |   175 |   233 ||   522
Throw: Throwing net      |       |       |     1 ||     1
  Use: Potion            |     2 |       |     4 ||     6
Armor: Scale mail        |   100 |    90 |   112 ||   302
Dodge: Dodged            |    85 |    72 |    69 ||   226
Block: Buckler           |    34 |    55 |    54 ||   143

Table legend: (Time is in decaauts)
 A = Elapsed time spent in this place.
 B = Non-inter-level travel time spent in this place.
 C = Inter-level travel time spent in this place.
 D = Time resting spent in this place.
 E = Time spent auto-exploring this place.
 F = Levels seen in this place.
 G = Mean time per level.
                   A        B        C        D        E       F      G
               +--------+--------+--------+--------+--------+-----+--------+
         Total |   5500 |   5334 |    166 |     56 |   3954 |   9 |  611.1 |
       Dungeon |   5076 |   4918 |    158 |     56 |   3599 |   7 |  725.1 |
        Temple |    212 |    204 |      8 |      0 |    193 |   1 |  212.0 |
         Sewer |    211 |    211 |      0 |      0 |    161 |   1 |  211.0 |
               +--------+--------+--------+--------+--------+-----+--------+

Top non-repeatable levels by time:
     D:4: 1137 daAuts
     D:2: 859 daAuts
     D:6: 834 daAuts
     D:3: 728 daAuts
     D:5: 713 daAuts
     D:1: 687 daAuts
  Temple: 212 daAuts
   Sewer: 211 daAuts
     D:7: 115 daAuts
